 Dungeon Crawl Stone Soup version 0.20.0-15-g7f486f2 (webtiles) character file.

73 ANON1729 the Conjurer (level 4, 0/24 HPs)
             Began as a Tengu Conjurer on June 17, 2017.
             Slain by a hound zombie (2 damage)
             ... on level 4 of the Dungeon.
             The game lasted 00:08:22 (1969 turns).

ANON1729 the Conjurer (Tengu Conjurer)              Turns: 1969, Time: 00:08:23

Health: 0/24       AC:  2    Str:  8    XL:     4   Next: 27%
Magic:  5/8        EV: 12    Int: 17    God:
Gold:   63         SH:  0    Dex: 14    Spells: 5/8 levels left

rFire    . . .     SeeInvis +   d - +0 dagger
rCold    . . .     Gourm    .   (no shield)
rNeg     . . .     Faith    .   a - +0 robe
rPois    .         Spirit   .   (helmet restricted)
rElec    .         Reflect  .   (no cloak)
rCorr    .         Harm     .   (no gloves)
MR       .....                  (boots unavailable)
Stlth    ++........             (no amulet)
Regen    0.1/turn               i - ring of see invisible
MPRegen  0.2/turn               (no ring)

@: lethally poisoned (0 -> -3)
A: beak, talons 3
a: no special abilities


You were on level 4 of the Dungeon.
You were not hungry.

You visited 1 branch of the dungeon, and saw 4 of its levels.

You collected 63 gold pieces.

Inventory:

Hand Weapons
 d - a +0 dagger (weapon)
 o - a +0 dagger
Armour
 a - a +0 robe (worn)
Jewellery
 i - a ring of see invisible (left hand)
Scrolls
 k - a scroll of fog {unknown}
 m - 3 scrolls of identify {unknown}
 q - a scroll of amnesia {unknown}
 r - 3 scrolls of teleportation {unknown}
 u - a scroll of remove curse {unknown}
Potions
 j - a potion of flight {unknown}
 l - a potion of curing {unknown}
 s - a potion of resistance {unknown}
 t - a potion of agility
Books
 b - a book of Conjurations

   Spells                             Type                      Level
   a - Magic Dart                     Conjuration                  1
   b - Searing Ray                    Conjuration                  2
   c - Dazzling Spray                 Conjuration/Hexes            3
   d - Fulminant Prism                Conjuration/Hexes            4
   e - Force Lance                    Conjuration/Translocation    4
   f - Iskenderun's Mystic Blast      Conjuration                  4
Comestibles
 c - a bread ration
 g - 3 meat rations
 h - 7 fruits
 n - a royal jelly
 p - 2 chunks of flesh


   Skills:
 - Level 2.2 Dodging
 - Level 2.0 Stealth
 + Level 2.5 Spellcasting
 + Level 7.0 Conjurations


You had 5 spell levels left.
You knew the following spells:

 Your Spells              Type           Power        Failure   Level  Hunger
a - Magic Dart            Conj           ####         1%          1    #......
b - Searing Ray           Conj           ####..       1%          2    ##.....


Dungeon Overview and Level Annotations

Branches:
Dungeon (4/15)
 Temple: D:4-7

Altars:
Sif Muna
Uskayaw
The Shining One

Annotations:
D:3 Kiel97's ghost, amateur MiMo
D:4 Natasha; Robin


Innate Abilities, Weirdness & Mutations

You have a beak for a mouth.
You have claws for feet.


Message History

* * * LOW HITPOINT WARNING * * *
You feel sick.
Blink to where?
Press: ? - help, Dir - move target cursor
As you read the scroll of blinking, it crumbles to dust.
It was a potion of agility.
You feel agile all of a sudden.
* * * LOW HITPOINT WARNING * * *
You feel sick.
The hound stops to sniff the ground.
It was a potion of cancellation.
Your magical effects are unravelling.
You feel magically purged.
Your magical contamination has completely faded away.
You feel a little less agile now.
* * * LOW HITPOINT WARNING * * *
You feel sick.
Found a potion of agility.
The hound zombie bites you.
You die...

...# #aZ#.
##.###. ##
#S#####..#
##........
#a.....#.
#h...#...
#Z#### #
#@# #.#
#.. #.#%
#.... .!.
.. ### ##.
##


You could see a hound, a worker ant, an adder and a hound zombie.

Vanquished Creatures
  2 adders
  2 oozes (D:1)
  2 worms
  2 dart slugs (D:2)
  2 giant cockroaches (D:3)
  9 goblins
  5 hobgoblins
  A ball python (D:2)
  2 bats
  4 frilled lizards
  A kobold (D:2)
  7 rats
39 creatures vanquished.

Notes
Turn   | Place    | Note
-------+----------+-------------------------------------------
     0 | D:1      | ANON1729 the Tengu Conjurer began the quest for the Orb.
     0 | D:1      | Reached XP level 1. HP: 10/10 MP: 4/4
    95 | D:1      | Reached XP level 2. HP: 8/15 MP: 0/6
    99 | D:1      | Learned a level 2 spell: Searing Ray
   456 | D:1      | Reached skill level 6 in Conjurations
   773 | D:2      | Reached XP level 3. HP: 19/19 MP: 1/7
   864 | D:2      | Found a hide-covered altar of Uskayaw.
   934 | D:2      | Found a deep blue altar of Sif Muna.
  1786 | D:3      | Reached XP level 4. HP: 24/24 MP: 5/8
  1805 | D:3      | Found a glowing golden altar of the Shining One.
  1853 | D:3      | Noticed Kiel97's ghost (amateur MiMo)
  1909 | D:4      | Noticed Robin
  1914 | D:4      | Reached skill level 7 in Conjurations
  1929 | D:4      | Noticed Natasha
  1969 | D:4      | Slain by a hound zombie

Skill      XL: |  1  2  3  4 |
---------------+-------------+-----
Conjurations   | 6 7 |  7.0
Dodging        | |  2.2
Stealth        | |  2.0
Spellcasting   | |  2.5

Action                   |  1- 3 |  4- 6 || total
-------------------------+-------+-------++-------
Melee: Unarmed           |     7 |       ||     7
       Kick              |     4 |     1 ||     5
       Peck              |     3 |       ||     3
       Dagger            |       |     2 ||     2
 Cast: Magic Dart        |    66 |    15 ||    81
       Searing Ray       |     2 |       ||     2
  Use: Scroll            |       |     2 ||     2
       Potion            |       |     2 ||     2
  Eat: Chunk             |     4 |       ||     4
Armor: Robe              |       |     4 ||     4
Dodge: Dodged            |    10 |     4 ||    14
